 Dungeon Crawl Stone Soup version 0.24-a0-458-gfcb5e6da0e (webtiles) character file.

Game seed: 8045765862264574253

1084 funkygono the Magician (level 8, 0/57 HPs)
             Began as a Formicid Venom Mage on June 27, 2019.
             Shot with an arrow by a centaur (6 damage)
             ... on level 6 of the Dungeon on July 20, 2019.
             The game lasted 00:18:15 (5688 turns).

funkygono the Magician (Formicid Venom Mage)        Turns: 5688, Time: 00:18:15

Health: 0/57       AC: 11    Str: 13    XL:     8   Next: 55%
Magic:  14/17      EV: 11    Int: 22    God:
Gold:   314        SH:  0    Dex: 11    Spells: 9/19 levels left

rFire    . . .     SeeInvis +   e - +1 mace (drain)
rCold    . . .     Gourm    .   (no shield)
rNeg     + . .     Faith    .   u - +3 ring mail
rPois    .         Spirit   .   (helmet unavailable)
rElec    .         Reflect  .   (no cloak)
rCorr    .         Harm     .   w - +2 pair of gloves
MR       .....                  (no boots)
Stlth    ++........             (no amulet)
HPRegen  0.19/turn              t - ring of positive energy
MPRegen  0.15/turn              o - +5 ring of intelligence

@: very slightly contaminated
A: permanent stasis, dig shafts and tunnels, four strong arms, antennae 3
a: Dig, Shaft Self


You were on level 6 of the Dungeon.
You were not hungry.

You visited 1 branch of the dungeon, and saw 6 of its levels.

You collected 314 gold pieces.

Inventory:

Hand Weapons
 e - a +1 mace of draining (weapon)
 v - a +1 flail of crushing
Missiles
 b - 17 sling bullets
 d - 6 poisoned darts (quivered)
 j - 176 stones
Armour
 a - a +1 robe
 f - a +0 leather armour
 i - a +0 large shield
 n - a +0 robe of fire resistance
 u - a +3 ring mail (worn)
 w - a +2 pair of gloves (worn)
Jewellery
 o - a +5 ring of intelligence (right hand)
 t - a ring of positive energy (left hand)
Wands
 l - a wand of random effects (23)
 s - a wand of clouds (6)
Scrolls
 q - 2 scrolls of remove curse
 r - 3 scrolls of identify
 y - a scroll of vulnerability {unknown}
 A - 2 scrolls of magic mapping
Potions
 g - 3 potions of heal wounds
 h - 2 potions of curing
 k - 2 potions of flight
 m - a potion of resistance
 p - a potion of mutation
 C - a potion of agility
Comestibles
 c - 9 rations
 x - 14 chunks of flesh


   Skills:
 + Level 2.3 Fighting
 + Level 3.3 Maces & Flails
 * Level 2.9 Armour
 - Level 2.2 Dodging
 + Level 3.6 Stealth
 * Level 6.3 Spellcasting
 + Level 2.5 Conjurations
 + Level 6.0 Poison Magic


You had 9 spell levels left.
You knew the following spells:

 Your Spells              Type           Power        Failure   Level  Hunger
a - Sting                 Conj/Pois      ####         3%          1    None
b - Venom Bolt            Conj/Pois      ####......   65%         5    #####..
c - Olgreb's Toxic Radia  Pois           ####....     16%         4    ###....

Your spell library contained the following spells:

 Spells                   Type           Power        Failure   Level  Hunger
 Poisonous Vapours        Pois/Air       ###...       8%          2    None
 Mephitic Cloud           Conj/Pois/Air  ###.....     17%         3    #......


Dungeon Overview and Level Annotations

Branches:
Dungeon (6/15)             Temple (0/1) D:6

Altars:
Ashenzari
Cheibriados
Dithmenos
Makhleb
Okawaru

Shops:
D:6 [


Innate Abilities, Weirdness & Mutations

You cannot be hasted, slowed, berserked, paralysed or teleported.
You can dig through walls and to a lower floor.
Your four strong arms can wield two-handed weapons with a shield.
You have a pair of large antennae on your head. (SInv)


Message History

Casting: Sting (safe; 3% risk of failure)
Confirm with . or Enter, or press ? or * to list all spells.
Aiming: Sting (safe; 3% risk of failure)
Press: ? - help, Shift-Dir - straight line, f - centaur
Aim: a centaur, wielding a +0 shortbow The sting hits the centaur.
The centaur is poisoned.
The centaur is lightly wounded.
The centaur shoots an arrow.
The arrow hits you!
* * * LOW HITPOINT WARNING * * *
The centaur shoots an arrow.
The arrow hits you!
* * * LOW HITPOINT WARNING * * *
Casting: Sting (safe; 3% risk of failure)
Confirm with . or Enter, or press ? or * to list all spells.
Aiming: Sting (safe; 3% risk of failure)
Press: ? - help, Shift-Dir - straight line, f/p - centaur
Aim: a centaur, wielding a +0 shortbow (moderately wounded, poisoned)
The sting hits the centaur.
The centaur looks even sicker.
The centaur is moderately wounded.
The centaur shoots an arrow.
The arrow hits you.
You die...

...))....÷.......#..####.###
.##.#####.#......#.÷........
#...# #.###..#.#.#...#..#
#.#.# .<.#....###....# #...#
#.....#...#...#....# ##.∩.#
#......#.....#.....# .....#
#...#####(>.#####..# ...#.#
#......#..((c# .## #.##.#
#.. #..@#...# . ......
.........###....# .
...............# #.{#...
.#............. ....##
.....##....#.## ...c.
.######....#. #.#.. .#
#....# .#.# .######....# #
##.........#.#####


You could see a centaur.

Vanquished Creatures
  An orc warrior (D:6)
  A bullfrog (D:6)
  2 scorpions (D:6)
  A howler monkey (D:4)
  A crimson imp (D:5)
  A bullfrog zombie (D:5)
  2 hounds (D:6)
  A jelly (D:6)
  3 orc priests
  3 orc wizards
  A bullfrog skeleton (D:5)
  6 worker ants
  Terence (D:2)
  A hound skeleton (D:4)
  A gnoll (D:2)
  A river rat (D:5)
  11 adders
  2 oozes (D:3)
  An adder zombie (D:5)
  6 worms
  5 dart slugs
  4 leopard geckos
  15 orcs
  3 ball pythons
  8 giant cockroaches
  11 goblins
  8 hobgoblins
  2 jackals (D:3)
  2 quokkas
  5 bats
  7 frilled lizards
  2 giant cockroach zombies (D:5)
  5 kobolds
  2 quokka skeletons (D:6)
  7 rats
133 creatures vanquished.

Notes
Turn   | Place    | Note
-------+----------+-------------------------------------------
     0 | D:1      | funkygono the Formicid Venom Mage began the quest for the
                  | Orb.
     0 | D:1      | Reached XP level 1. HP: 13/13 MP: 3/3
   160 | D:1      | Reached XP level 2. HP: 19/19 MP: 1/5
   338 | D:1      | Reached skill level 1 in Conjurations
   420 | D:1      | Reached XP level 3. HP: 24/24 MP: 1/7
  1126 | D:2      | Reached XP level 4. HP: 21/30 MP: 6/8
  1153 | D:2      | Found an iron altar of Okawaru.
  1429 | D:2      | Noticed Terence
  1457 | D:2      | Killed Terence
  1457 | D:2      | Reached XP level 5. HP: 32/36 MP: 0/10
  1472 | D:2      | Learned a level 5 spell: Venom Bolt
  2367 | D:3      | Reached skill level 5 in Poison Magic
  2924 | D:3      | Reached XP level 6. HP: 42/42 MP: 8/12
  2938 | D:3      | Found a burning altar of Makhleb.
  2938 | D:3      | Noticed a green death
  2941 | D:3      | Noticed a ynoxinul
  2941 | D:3      | Noticed an orange demon
  3250 | D:4      | Reached skill level 1 in Maces & Flails
  3623 | D:4      | Reached skill level 1 in Fighting
  3778 | D:4      | Reached XP level 7. HP: 34/48 MP: 8/14
  4211 | D:5      | Entered Level 5 of the Dungeon
  4268 | D:5      | Reached skill level 5 in Spellcasting
  4648 | D:5      | Reached skill level 1 in Armour
  4840 | D:5      | Found a shadowy altar of Dithmenos.
  5365 | D:5      | Learned a level 4 spell: Olgreb's Toxic Radiance
  5384 | D:6      | Reached XP level 8. HP: 56/56 MP: 9/16
  5482 | D:6      | Found a snail-covered altar of Cheibriados.
  5494 | D:6      | Found a shattered altar of Ashenzari.
  5507 | D:6      | Found Kuiviw's Antique Armour Shoppe.
  5634 | D:6      | Found a staircase to the Ecumenical Temple.
  5688 | D:6      | Shot with an arrow by a centaur

Levels and vault maps discovered:
D:1:      dpeg_arrival_court, layout_rooms
D:2:      layout_loops_ring, okawaru_altar_gauntlet_db, first_ration,
          chequers_jeans, kennysheep_generic_room_14, uniq_terence
D:3:      layout_loops_ring, makhleb_altar_promises_db
D:4:      layout_basic
D:5:      layout_loops_ring, nicolae_dithmenos_shadow_blocks,
          portal_sewer_entry_a
D:6:      layout_loops_cross, kennysheep_mini_moat, minmay_temple_entry_arrows,
          serial_shops, nicolae_shop_stone, ashenzari_altar_1

Skill      XL: |  1  2  3  4  5  6  7  8 |
---------------+-------------------------+-----
Conjurations   | 1 2 |  2.5
Dodging        | 2 |  2.2
Spellcasting   | 3 4 5 6 |  6.3
Stealth        | 3 |  3.6
Poison Magic   | 5 6 |  6.0
Maces & Flails | 1 2 3 |  3.3
Fighting       | 1 2 |  2.3
Armour         | 1 2 |  2.9

Action                   |  1- 3 |  4- 6 |  7- 9 || total
-------------------------+-------+-------+-------++-------
Melee: Mace              |    10 |    57 |   220 ||   287
 Cast: Sting             |    40 |   121 |    97 ||   258
       Olgreb's Toxic Ra |       |       |     2 ||     2
  Use: Scroll            |     3 |     7 |     8 ||    18
 Stab: Sleeping          |       |       |     2 ||     2
  Eat: Chunk             |     1 |     8 |     7 ||    16
Armor: Robe              |     2 |    14 |       ||    16
       Ring mail         |       |       |   123 ||   123
Dodge: Dodged            |    24 |    55 |   142 ||   221

Table legend:
 A = Non-vault XP
 B = Vault XP
 C = Vault XP percentage of total XP
 D = Non-vault monster count
 E = Vault monster count
 F = Vault count percentage of total count
                 A         B        C        D         E       F
            +---------+---------+-------+---------+---------+-------
      Total |    1467 |      82 |   5.3 |     118 |      15 |  11.3
            +---------+---------+-------+---------+---------+-------
        D:1 |      34 |       0 |   0.0 |      19 |       0 |   0.0
        D:2 |      85 |      58 |  40.6 |      23 |       8 |  25.8
        D:3 |     104 |       0 |   0.0 |      25 |       0 |   0.0
        D:4 |     279 |       0 |   0.0 |      15 |       0 |   0.0
        D:5 |     374 |      24 |   6.0 |      20 |       7 |  25.9
        D:6 |     591 |       0 |   0.0 |      16 |       0 |   0.0
            +---------+---------+-------+---------+---------+-------
